 Dungeon Sprint DCSS version 0.29.0 (webtiles) character file.

Game seed: 2808198813891353184

6 enile the Trooper (level 2, -1/27 HPs)
             Began as a Formicid Earth Elementalist on Aug 25, 2022.
             Was a Follower of Uskayaw.
             Slain by a tentacled starspawn (17 damage)
             ... in the Dungeon (Sprint V: "Ziggurat Sprint").
             The game lasted 00:01:42 (142 turns).

enile the Trooper (Formicid Earth Elementalist)      Turns: 142, Time: 00:01:43

Health: -1/27      AC:  2    Str: 18    XL:     2   Next: 0%
Magic:  5/5        EV:  6    Int: 14    God:    Uskayaw [*.....]
Gold:   0          SH: 26    Dex: 20    Spells: 4/5 levels left

rFire   . . .      SeeInvis +   B - +8 storm bow {elec, penet}
rCold   . . .      Faith    .   C - +18 shield of the Gong {rElec rN+ Will+ EV-5}
rNeg    + . .      Spirit   .   a - +0 robe
rPois   .          Reflect  .   (helmet unavailable)
rElec   +          Harm     .   (no cloak)
rCorr   .          Rampage  .   (no gloves)
Will    +....                   (no boots)
Stlth   ++........              (no amulet)
HPRegen 0.09/turn               s - +6 ring of strength
MPRegen 0.09/turn               p - +6 ring of dexterity

@: no status effects
A: permanent stasis, dig shafts and tunnels, antennae 3, four strong arms
a: Dig, Renounce Religion, Stomp


You were in the Dungeon.
You worshipped Uskayaw.
Uskayaw was noncommittal.
You visited 1 branch

Inventory:

Hand Weapons
 x - the +9 heavy crossbow "Sniper" {vorpal, Acc+∞ SInv}
   (You found it in the Dungeon)

   Any ammunition fired from it inflicts extra damage upon your enemies.
   Any ammunition fired from it never misses its target.
   SInv:      It lets you see invisible.
 y - the +7 Singing Sword {vorpal, sonic wave}
   (You found it in the Dungeon)

   It inflicts extra damage upon your enemies.
   It radiates damaging sonic waves as it strikes, especially in combat
   involving dangerous or numerous foes.
 z - the +7 great mace "Firestarter" {inner flame, rF++}
   (You found it in the Dungeon)

   It burns those it strikes, dealing additional fire damage.
   It fills those it strikes with an explosive inner flame.
   It grants immunity to clouds of flame.
   rF:        It greatly protects you from fire.
 A - the +7 mace of Variability {chain chaos}
   (You found it in the Dungeon)

   Each time it hits an enemy it has a different, random effect.
   It occasionally unleashes arcs of chaos on nearby creatures upon striking a
   foe.
 B - the +8 storm bow (weapon) {elec, penet}
   (You found it in the Dungeon)

   Any ammunition fired from it occasionally discharges a powerful burst of
   electricity upon striking a foe.
   Any ammunition fired by it passes through the targets it hits, potentially
   hitting all targets in its path until it reaches maximum range.
 D - a +5 giant spiked club
 E - a +5 executioner's axe
Armour
 a - a +0 robe (worn)
 C - the +18 shield of the Gong (worn) {rElec rN+ Will+ EV-5}
   (You found it in the Dungeon)

   It is deafeningly noisy when blocking attacks.
   EV:        It affects your evasion (-5).
   rElec:     It insulates you from electricity.
   rN:        It protects you from negative energy.
   Will:      It increases your willpower.
Jewellery
 n - a ring of flight
 o - a +6 ring of dexterity
 p - a +6 ring of dexterity (right hand)
 q - a +6 ring of intelligence
 r - a +6 ring of intelligence
 s - a +6 ring of strength (left hand)
 t - a +6 ring of strength
Wands
 u - a wand of mindburst (7)
 v - a wand of iceblast (7)
 w - a wand of light (5)
Scrolls
 j - 4 scrolls of amnesia
 k - 6 scrolls of butterflies
 l - 5 scrolls of identify
 m - 2 scrolls of fear
Potions
 b - 8 potions of magic
 c - 10 potions of curing
 d - 10 potions of heal wounds
 e - 2 potions of brilliance
 f - 2 potions of invisibility
 g - 4 potions of resistance
 i - 5 potions of might
Miscellaneous
 h - a lightning rod (4/4)


   Skills:
 - Level 5.5 Fighting
 + Level 1.7 Dodging
 + Level 2.4 Stealth
 + Level 2.1 Spellcasting
 + Level 1.1 Transmutations
 + Level 3.6 Earth Magic
 - Level 5.5 Evocations


You had 4 spell levels left.
You knew the following spells:

 Your Spells              Type           Power      Damage    Failure   Level
a - Sandblast             Erth           22%        2d7       14%         1

Your spell library contained the following spells:

 Spells                   Type           Power      Damage    Failure   Level
 Passwall                 Tmut/Erth      6%         N/A       36%         2
 Stone Arrow              Conj/Erth      12%        3d7       65%         3
 Petrify                  Tmut/Erth      8%         N/A       94%         4


Dungeon Overview and Level Annotations

Branches:
Dungeon (1/1)

Altars:
Ashenzari
Cheibriados
Dithmenos
Elyvilon
Fedhas
Gozag
Hepliaklqana
Kikubaaqudgha
Makhleb
Nemelex Xobeh
Okawaru
Qazlal
Ru
Sif Muna
Trog
Uskayaw
Vehumet
Wu Jian
Xom
Yredelemnul
Zin
The Shining One
Jiyva
Lugonu

Annotations:
D 1 transporter


Innate Abilities, Weirdness & Mutations

You cannot be hasted, slowed, berserked, paralysed or teleported.
You can dig through walls and to a lower floor.
You have a pair of large antennae on your head. (SInv)
Your four strong arms can wield two-handed weapons with a shield.


Message History

Here: a tentacled starspawn The floor.
Press: ? - help, v - describe, . - travel, g - get item Item here: a book of Dreams.
The floor.
As you read the scroll of butterflies, it crumbles to dust.
You hear the tinkle of a tiny bell.
Tentacles burst from the starspawn's body! 2 starspawn tentacles come into view.
Okay, then.
Aiming: Bolt of Light
Press: ? - help, Shift-Dir - straight line, f - starspawn tentacle
Aim: a starspawn tentacle (100% to hit)
The bolt of light hits the starspawn tentacle!
The starspawn tentacle is heavily damaged.
The starspawn tentacle is blinded.
The bolt of light hits the tentacled starspawn!!
The tentacled starspawn is moderately damaged.
The tentacled starspawn is blinded.
The bolt of light hits the starspawn tentacle!
The starspawn tentacle is heavily damaged.
The starspawn tentacle is blinded.
The ufetubus shouts!
The ufetubus hits your butterfly.
Your butterfly dies!
Your butterfly disappears in a burst of colours!
You can now stomp with the beat.
Aiming: Bolt of Light
Press: ? - help, Shift-Dir - straight line, f - tentacled starspawn
Aim: a tentacled starspawn (heavily damaged, blind, ally target, 91% to hit)
The bolt of light hits the tentacled starspawn!
The tentacled starspawn is severely damaged.
The ufetubus closely misses your butterfly.
The ufetubus hits your butterfly.
Your butterfly dies!
Your butterfly disappears in a burst of colours!
The tentacled starspawn bites you!
The tentacled starspawn tentacle-slaps you!
Ouch! That really hurt!
You die...

▓▓▓▓▓▓▓
▓.8©8.▓
{{
▓.bb.b▓
▓b)b:.▓
▓..5bb▓
▓b.Xb.▓
▓..@b.▓
▓▓▓▓▓▓▓
{{{ { {


You could see a tentacled starspawn (blind, ally target) and an ufetubus (ally
target).

Vanquished Creatures (others)
  2 starspawn tentacles (D)
2 creatures vanquished.

Notes
Turn   | Place    | Note
-------+----------+-------------------------------------------
     0 | D        | enile the Formicid Earth Elementalist began the quest for
                  | the Orb.
     0 | D        | Reached XP level 1. HP: 13/13 MP: 3/3
     0 | D        | Found a shimmering blue altar of Sif Muna.
     0 | D        | Found a sacrificial altar of Ru.
     0 | D        | Found a bloodstained altar of Trog.
     0 | D        | Found a stormy altar of Qazlal.
     0 | D        | Found an iron altar of Okawaru.
     0 | D        | Found a sparkling altar of Nemelex Xobeh.
     0 | D        | Found a blossoming altar of Fedhas.
     0 | D        | Found the +6 Majin-Bo {vamp, MP+6 Int+6}
     0 | D        | Found the +9 heavy crossbow "Sniper" {vorpal, Acc+∞ SInv}
     0 | D        | Found the +10 dark maul {vorpal}
     0 | D        | Found the +15 Maxwell's patent armour {-Cast -Tele rElec
                  | Will+ rCorr}
     0 | D        | Found the +18 shield of the Gong {rElec rN+ Will+ EV-5}
     0 | D        | Found the +14 obsidian axe {vorpal, Mesm Drain Fly SInv}
     0 | D        | Found the +7 great mace "Firestarter" {inner flame, rF++}
     0 | D        | Found the +6 shillelagh "Devastator" {shatter}
     0 | D        | Found the +11 plutonium sword {Contam Stlth-}
     0 | D        | Found the +8 lance "Wyrmbane" {slay drac, rPois rF+ rC+
                  | AC+3}
     0 | D        | Found the +9 sword of Zonguldrok {reap}
     0 | D        | Found the +13 scythe of Curses {drain, Drain}
     0 | D        | Found the +5 sword of Power {vorpal}
     0 | D        | Found the +7 mace of Variability {chain chaos}
     0 | D        | Found the +7 Singing Sword {vorpal, sonic wave}
     0 | D        | Found the +8 storm bow {elec, penet}
     2 | D        | Found a transporter.
     2 | D        | Found an ancient bone altar of Kikubaaqudgha.
     2 | D        | Found a viscous altar of Jiyva.
     2 | D        | Found a corrupted altar of Lugonu.
     2 | D        | Found a hazy altar of Hepliaklqana.
     2 | D        | Found a burning altar of Makhleb.
     2 | D        | Found an opulent altar of Gozag.
    35 | D        | Reached skill level 5 in Fighting
    35 | D        | Reached skill level 5 in Evocations
    35 | D        | Reached XP level 2. HP: 27/27 MP: 5/5
    71 | D        | Became a worshipper of Uskayaw the Reveller
   139 | D        | Entered arena 2.
   139 | D        | Noticed a tentacled starspawn
   139 | D        | Found a transporter.
   141 | D        | Reached * piety under Uskayaw
   142 | D        | Slain by a tentacled starspawn

Illustrated notes

Levels and vault maps discovered:
D:        sprint_v [room_start, room_1, room_2, room_3, room_4, room_5, room_6,
          room_7, room_8, room_9, room_10, room_11, room_12, room_13, room_14,
          room_15, room_16, room_17, room_18, room_19, room_20, room_21,
          room_22, room_23, room_24, room_25, room_26, room_27]

Skill      XL: |  1 |
---------------+----+-----
Fighting       | 5 |  5.5
Evocations     | 5 |  5.5
Dodging        | |  1.7
Stealth        | |  2.4
Spellcasting   | |  2.1
Transmutations | |  1.1
Earth Magic    | |  3.6

Action                   || total
-------------------------++-------
Evoke: Wand              ||     2
  Use: Potion            ||     1
       Scroll            ||     1
